[Event "German-ch Women 2024"]
[Site "Ostfildern"]
[Date "2024.08.20"]
[Round "3.1"]
[White "Miljkovic, Jovana"]
[Black "Novikova, Margarita"]
[Result "1-0"]
[ECO "D13"]
[WhiteElo "2021"]
[BlackElo "1991"]
[Annotator "RC"]
[PlyCount "167"]
[EventDate "2024.08.16"]
[EventType "tourn"]
[EventCountry "GER"]
[SourceTitle "playchess.com"]
[Source "ChessBase"]
[SourceQuality "1"]
[TimeControl "40/5400+30:1800+30"]

1. Nf3 d5 2. d4 Nf6 3. c4 c6 4. cxd5 cxd5 5. Nc3 Nc6 6. Bf4 e6 7. e3 Bb4 8. Bd3 Qa5 9. Qb3 O-O 10. O-O Nh5 11. Bg5 Be7 12. Qd1 Bxg5 13. Nxg5 Nf6 14. f4 g6 15. Qe1 Qb4 16. Qe2 Bd7 17. Nf3 a6 18. Ne5 Qd6 19. g4 Nb4 20. g5 Nh5 21. Bb1 Nc6 22. Rf3 f6 23. gxf6 Rxf6 24. Qg2 Be8 25. Qg5 Kh8 26. Rh3 Rf8 27. Qh6 Nxe5 28. Rxh5 Nf3+ 29. Kf2 Qe7 30. Rh3 Nd2 31. Bxg6 Bxg6 32. Qxg6 Rg8 33. Qh6 Rg7 34. Rg3 Rag8 35. Rag1 Rxg3 36. Rxg3 Rxg3 37. hxg3 b5 38. Qh4 Qf8 39. Qg5 Qf7 40. Ke2 Nc4 41. b3 Na3 42. g4 b4 43. Na4 Nb5 44. Kd2 Qg6 45. Qxg6 hxg6 46. Nc5 Nc7 47. Nd3 a5 48. Ne5 Nb5 49. Nxg6+ Kg7 50. Ne5 Nc3 51. Nc6 Nxa2 52. Nxa5 Kf6 53. Nc6 Kf7 54. g5 Kg6 55. Ne5+ Kf5 56. Nf3 Kg6 57. Kc2 Kg7 58. Nd2 Nc3 59. Kd3 Nd1 60. Ke2 Nc3+ 61. Kf3 Nb5 62. Kg4 Kg6 63. Nf3 Nc3 64. Ne5+ Kg7 65. Nc6 Na2 66. f5 exf5+ 67. Kxf5 Nc1 68. Nxb4 Nxb3 69. Nxd5 Nd2 70. Nf4 Nc4 71. Nh5+ Kg8 72. e4 Ne3+ 73. Ke6 Kh7 74. Nf4 Nc2 75. d5 Nd4+ 76. Kf7 Nf3 77. g6+ Kh6 78. Kf6 Nd2 79. e5 Nc4 80. Nd3 Ne3 81. d6 Ng2 82. g7 Nf4 83. g8=Q Nh5+ 84. Kf7 1-0

[Event "German-ch Women 2024"]
[Site "Ostfildern"]
[Date "2024.08.20"]
[Round "3.2"]
[White "Braun, Kristin"]
[Black "Foltin, Alica"]
[Result "1-0"]
[ECO "C55"]
[WhiteElo "2001"]
[BlackElo "1722"]
[Annotator "NA RC"]
[PlyCount "77"]
[EventDate "2024.08.16"]
[EventType "tourn"]
[EventCountry "GER"]
[SourceTitle "playchess.com"]
[Source "ChessBase"]
[SourceQuality "1"]
[TimeControl "40/5400+30:1800+30"]

1. e4 e5 2. Nf3 Nc6 3. Bc4 Nf6 4. d3 h6 5. c3 d6 6. Nbd2 g5 7. h3 Bg7 8. a4 O-O 9. Nf1 Ne7 10. Ng3 Ng6 11. Nf5 d5 12. Nxg7 dxe4 13. Nxg5 hxg5 14. Nh5 Nf4 15. Bxf4 exf4 16. Nxf6+ Qxf6 17. dxe4 Re8 18. f3 Qb6 19. Qd5 Qg6 20. O-O-O Be6 21. Qb5 c6 22. Qb3 Rad8 23. Rd4 c5 24. Rdd1 b6 25. Bd5 Kg7 26. Rd2 Bxd5 27. Rxd5 Rd6 28. Rhd1 Red8 29. c4 Rxd5 30. Rxd5 Rxd5 31. cxd5 Qd6 32. Kd2 Kf6 33. Qc3+ Qe5 34. Kd3 a6 35. Kc4 Qxc3+ 36. bxc3 Ke5 37. a5 bxa5 38. Kxc5 a4 39. Kb4 1-0

[Event "German-ch Women 2024"]
[Site "Ostfildern"]
[Date "2024.08.20"]
[Round "3.3"]
[White "Kostak, Tetyana"]
[Black "Wagenschuetz, Evelyn"]
[Result "1-0"]
[ECO "A05"]
[WhiteElo "2094"]
[BlackElo "2070"]
[Annotator "NA RC"]
[PlyCount "85"]
[EventDate "2024.08.16"]
[EventType "tourn"]
[EventCountry "GER"]
[SourceTitle "playchess.com"]
[Source "ChessBase"]
[SourceQuality "1"]
[TimeControl "40/5400+30:1800+30"]

1. e4 c5 2. Nf3 d6 3. d3 g6 4. c3 Bg7 5. g3 Nc6 6. Bg2 Nf6 7. O-O O-O 8. Re1 e5 9. h3 d5 10. Nbd2 d4 11. Nc4 Qc7 12. cxd4 cxd4 13. a4 Be6 14. b3 Rfd8 15. Bd2 Rac8 16. Rc1 Qb8 17. Ng5 b5 18. Nxe6 fxe6 19. axb5 Qxb5 20. Rb1 Rb8 21. f4 exf4 22. Bxf4 e5 23. Bg5 h6 24. Bxf6 Bxf6 25. Qg4 Kg7 26. Rf1 Rf8 27. Qd7+ Ne7 28. Qxa7 Rb7 29. Qa3 Qb4 30. Qa6 Qb5 31. Qd6 Rd7 32. Qa3 Rb7 33. h4 Qb4 34. Qa6 Qb5 35. Qd6 Qc6 36. Qa3 Nc8 37. Nxe5 Qe6 38. Nxg6 Rg8 39. e5 Bxe5 40. Nxe5 Qxe5 41. Bxb7 Qxg3+ 42. Bg2 Kh8 43. Qb2 1-0

[Event "German-ch Women 2024"]
[Site "Ostfildern"]
[Date "2024.08.20"]
[Round "3.4"]
[White "Wilmink, Anna"]
[Black "Staerk, Elisa"]
[Result "1/2-1/2"]
[ECO "B20"]
[WhiteElo "1905"]
[BlackElo "2002"]
[Annotator "NA RC"]
[PlyCount "81"]
[EventDate "2024.08.16"]
[EventType "tourn"]
[EventCountry "GER"]
[SourceTitle "playchess.com"]
[Source "ChessBase"]
[SourceQuality "1"]
[TimeControl "40/5400+30:1800+30"]

1. e4 c5 2. b3 d6 3. Bb2 Nf6 4. Nc3 g6 5. Nd5 Bg7 6. Bc4 Nbd7 7. Ne2 O-O 8. Nxf6+ Nxf6 9. f3 e6 10. d4 d5 11. exd5 exd5 12. Bd3 Re8 13. O-O b6 14. c4 Bb7 15. Qd2 Qe7 16. Rfe1 Qf8 17. Ba3 Bh6 18. Qc2 Be3+ 19. Kh1 Qh6 20. Bc1 dxc4 21. Bxc4 Qh4 22. Bxe3 Rxe3 23. dxc5 Ng4 24. Bxf7+ Kf8 25. fxg4 Rh3 26. Kg1 Rxh2 27. Ng3 Rxg2+ 28. Qxg2 Bxg2 29. Kxg2 Kxf7 30. Re4 Rd8 31. Rh1 Rd2+ 32. Ne2 Rxe2+ 33. Rxe2 Qxg4+ 34. Kf1 h5 35. c6 Kg7 36. Re7+ Kh6 37. c7 Qf3+ 38. Kg1 Qg3+ 39. Kf1 Qf3+ 40. Kg1 Qg3+ 41. Kf1 1/2-1/2

[Event "German-ch Women 2024"]
[Site "Ostfildern"]
[Date "2024.08.20"]
[Round "3.5"]
[White "Just, Anita"]
[Black "Bluebaum, Johanna"]
[Result "0-1"]
[ECO "B15"]
[WhiteElo "1871"]
[BlackElo "1994"]
[Annotator "RC"]
[PlyCount "118"]
[EventDate "2024.08.16"]
[EventType "tourn"]
[EventCountry "GER"]
[SourceTitle "playchess.com"]
[Source "ChessBase"]
[SourceQuality "1"]
[TimeControl "40/5400+30:1800+30"]

1. e4 c6 2. d4 d5 3. Nc3 dxe4 4. Nxe4 Nf6 5. Nxf6+ exf6 6. Nf3 Bd6 7. Bd3 O-O 8. O-O Bg4 9. h3 Bh5 10. Re1 Nd7 11. c4 Re8 12. Rxe8+ Qxe8 13. Bd2 c5 14. g4 Bg6 15. Bc3 cxd4 16. Bxd4 Rd8 17. Bxg6 hxg6 18. Qe1 Ne5 19. Nxe5 fxe5 20. Bxa7 Qc6 21. c5 Bc7 22. Bb6 Bxb6 23. cxb6 Rd3 24. Qf1 e4 25. Qg2 Rd2 26. Re1 Qxb6 27. Rxe4 Qc6 28. Re1 Qf6 29. g5 Qf4 30. Rb1 Rxb2 31. Rxb2 Qc1+ 32. Kh2 Qxb2 33. a4 Qb4 34. Qg4 Qxg4 35. hxg4 Kf8 36. Kg3 Ke7 37. Kf4 Kd6 38. Ke4 Kc5 39. Ke5 Kb4 40. Kd6 Kxa4 41. Ke7 b5 42. Kxf7 b4 43. f4 b3 44. Kxg6 b2 45. Kxg7 b1=Q 46. f5 Qb7+ 47. Kg8 Qe4 48. Kg7 Qe7+ 49. Kg6 Qe8+ 50. Kg7 Qe7+ 51. Kg6 Kb5 52. f6 Qf8 53. f7 Kc6 54. Kf6 Kd6 55. g6 Qh8+ 56. Kg5 Qg7 57. Kh5 Ke7 58. g5 Kf8 59. Kg4 Qxg6 0-1

[Event "German-ch Women 2024"]
[Site "Ostfildern"]
[Date "2024.08.20"]
[Round "3.6"]
[White "Moeller, Hannah"]
[Black "Moutaqi, Sandra"]
[Result "1/2-1/2"]
[ECO "A09"]
[WhiteElo "1845"]
[BlackElo "1961"]
[Annotator "RC"]
[PlyCount "138"]
[EventDate "2024.08.16"]
[EventType "tourn"]
[EventCountry "GER"]
[SourceTitle "playchess.com"]
[Source "ChessBase"]
[SourceQuality "1"]
[TimeControl "40/5400+30:1800+30"]

1. Nf3 d5 2. g3 Nf6 3. Bg2 c5 4. c4 d4 5. d3 Nc6 6. O-O e5 7. Nbd2 Be7 8. a3 O-O 9. Rb1 Qc7 10. Ne1 Be6 11. Nc2 Rad8 12. b4 b6 13. b5 Nb8 14. a4 Qc8 15. Nf3 Nbd7 16. Bd2 h6 17. a5 Ne8 18. Ra1 Nc7 19. axb6 axb6 20. Ra4 f5 21. Nfe1 Nf6 22. e3 dxe3 23. fxe3 Qd7 24. Bc3 Qd6 25. Qa1 Nd7 26. d4 e4 27. d5 Bxd5 28. cxd5 Nxb5 29. Bxg7 Rf7 30. Bb2 Qxd5 31. Na3 Nxa3 32. Qxa3 c4 33. Qa2 b5 34. Ra6 Bf6 35. Nc2 Qc5 36. Nd4 Bxd4 37. Bxd4 Qf8 38. Rb1 Nc5 39. Rb6 Nb3 40. Qf2 Nxd4 41. exd4 Rfd7 42. R6xb5 Rd5 43. Bf1 Rxd4 44. Rxf5 Qg7 45. Qa2 Kh8 46. Bxc4 Rd2 47. Qa1 Qxa1 48. Rxa1 e3 49. Re5 Rc2 50. Bd5 Rc5 51. Ra8 Rxa8 52. Bxa8 Rxe5 53. Kf1 Kg7 54. Ke2 Kf6 55. Bf3 Kf5 56. h3 Kg5 57. Kd3 Kf6 58. Ke2 Ke6 59. Kd3 Kd6 60. Ke2 Kc5 61. Kd3 Re7 62. Be2 Rg7 63. g4 Re7 64. Bf3 Re5 65. Be2 Kd5 66. Bf3+ Ke6 67. Ke2 Kf6 68. h4 Kg6 69. Kd3 Kf6 1/2-1/2

[Event "German-ch Women 2024"]
[Site "Ostfildern"]
[Date "2024.08.20"]
[Round "3.7"]
[White "Mader, Lena"]
[Black "Walker, Julia"]
[Result "1/2-1/2"]
[ECO "D34"]
[WhiteElo "1876"]
[BlackElo "1836"]
[Annotator "NA RC"]
[PlyCount "97"]
[EventDate "2024.08.16"]
[EventType "tourn"]
[EventCountry "GER"]
[SourceTitle "playchess.com"]
[Source "ChessBase"]
[SourceQuality "1"]
[TimeControl "40/5400+30:1800+30"]

1. c4 e6 2. g3 d5 3. Bg2 c5 4. cxd5 exd5 5. d4 Nc6 6. Nf3 Nf6 7. Nc3 Be7 8. O-O O-O 9. a3 c4 10. b3 Na5 11. Nd2 cxb3 12. Nxb3 Nc4 13. Nd2 Nb6 14. a4 a5 15. Qb3 Bb4 16. Ba3 Bxc3 17. Qxc3 Re8 18. e3 Nxa4 19. Qb3 b5 20. Qxb5 Bd7 21. Qd3 g6 22. Rfc1 Bf5 23. Qb5 Bd7 24. Qf1 Rb8 25. Qd1 Nb2 26. Bxb2 Rxb2 27. Rc2 Rxc2 28. Qxc2 Qb6 29. Nb3 Ra8 30. Nc5 Bb5 31. Bf1 Bxf1 32. Kxf1 Qd8 33. Ra4 Qc8 34. Kg2 h5 35. Qd2 h4 36. h3 hxg3 37. fxg3 Qc7 38. Qf2 Kg7 39. g4 Rh8 40. Qg3 Qb6 41. Ra2 Re8 42. Qf3 Ne4 43. Nxe4 Rxe4 44. Rf2 f6 45. Qg3 a4 46. Rc2 Re7 47. g5 fxg5 48. Qxg5 Qe6 49. Rc3 1/2-1/2

[Event "German-ch Women 2024"]
[Site "Ostfildern"]
[Date "2024.08.20"]
[Round "3.8"]
[White "Noll, Sonja"]
[Black "Bursan, Ana-Maria"]
[Result "0-1"]
[ECO "C00"]
[WhiteElo "1810"]
[BlackElo "1719"]
[Annotator "NA RC"]
[PlyCount "100"]
[EventDate "2024.08.16"]
[EventType "tourn"]
[EventCountry "GER"]
[SourceTitle "playchess.com"]
[Source "ChessBase"]
[SourceQuality "1"]
[TimeControl "40/5400+30:1800+30"]

1. e4 e6 2. Nf3 d5 3. Nc3 d4 4. Ne2 c5 5. b4 Qb6 6. b5 a6 7. c4 Bd7 8. Ne5 Bd6 9. Nxd7 Nxd7 10. bxa6 Rxa6 11. f4 d3 12. Nc3 Bxf4 13. Bxd3 Ne5 14. Be2 Nf6 15. O-O Ng6 16. Rb1 Qc7 17. Qb3 Bxh2+ 18. Kh1 O-O 19. Qxb7 Qxb7 20. Rxb7 Be5 21. Bd3 Nf4 22. Bb1 Bxc3 23. dxc3 Ne2 24. Bd2 Ng3+ 25. Kg1 Nxf1 26. Kxf1 Ra4 27. Rb5 Rxc4 28. Bd3 Ra4 29. Be3 Nxe4 30. Bxe4 Rxe4 31. Bxc5 Ra8 32. a3 Re5 33. a4 h6 34. Bd4 Rf5+ 35. Ke2 Rxa4 36. Rb8+ Kh7 37. Rb2 e5 38. Be3 Rg4 39. Kd3 Rf6 40. c4 Rd6+ 41. Kc3 Rg3 42. Re2 Rdg6 43. Kb4 Rxg2 44. Re1 R6g4 45. Rc1 f5 46. Ka5 R4g3 47. c5 Rxe3 48. c6 Rb3 49. Ka4 Rb8 50. c7 Ra2# 0-1

[Event "German-ch Women 2024"]
[Site "Ostfildern"]
[Date "2024.08.20"]
[Round "3.9"]
[White "Albayrak, Aylin"]
[Black "Wartenberg, Alissa"]
[Result "0-1"]
[ECO "E12"]
[WhiteElo "1741"]
[BlackElo "1858"]
[Annotator "NA COMBH"]
[PlyCount "124"]
[EventDate "2024.08.16"]
[EventType "tourn"]
[EventCountry "GER"]
[SourceTitle "playchess.com"]
[Source "ChessBase"]
[SourceQuality "1"]
[TimeControl "40/5400+30:1800+30"]

1. d4 Nf6 2. c4 e6 3. Nf3 b6 4. Nc3 c6 5. Bg5 h6 6. Bh4 d5 7. e3 Nbd7 8. Be2 Bb7 9. O-O Be7 10. Rc1 O-O 11. Qa4 c5 12. Rfd1 Rc8 13. Bg3 dxc4 14. Bxc4 Bxf3 15. gxf3 cxd4 16. Rxd4 Bc5 17. Rd3 Qe7 18. Rcd1 Nb8 19. a3 a5 20. Nb5 Nh7 21. Nd6 Bxd6 22. Rxd6 Qb7 23. Be2 Ng5 24. Kg2 Na6 25. h4 Nh7 26. Qb5 Nc7 27. Qxb6 Qxb6 28. Rxb6 Nd5 29. Rb5 Rc2 30. Kf1 a4 31. Bd3 Rc6 32. Be4 Nhf6 33. Bd3 Ra8 34. e4 Nb6 35. e5 Nfd5 36. f4 Rac8 37. f5 Rc1 38. Ke2 R1c5 39. Rxc5 Rxc5 40. f4 exf5 41. Bxf5 Rb5 42. Rd2 Nc4 43. Rc2 Nde3 44. Bd7 Rb7 45. Rxc4 Nxc4 46. Bxa4 Rxb2+ 47. Kf3 Ra2 48. Bc6 Rxa3+ 49. Kf2 Ne3 50. Ke2 Ng4 51. Be1 Ne3 52. Bb4 Rb3 53. Bd6 Nf5 54. Ba4 Re3+ 55. Kf2 Re4 56. Bc2 Rxf4+ 57. Ke2 Nxd6 58. exd6 Rd4 59. Ke3 Rxd6 60. Kf4 g6 61. Kg4 Rd4+ 62. Kg3 {[%emt 0:00:00] Check Result:-110.21} Kg7 0-1

[Event "German-ch Women 2024"]
[Site "Ostfildern"]
[Date "2024.08.20"]
[Round "3.10"]
[White "Koeberl, Christiane"]
[Black "Sokyrko, Sofiia"]
[Result "1-0"]
[ECO "D05"]
[WhiteElo "1745"]
[BlackElo "1585"]
[Annotator "NA RC"]
[PlyCount "37"]
[EventDate "2024.08.16"]
[EventType "tourn"]
[EventCountry "GER"]
[SourceTitle "playchess.com"]
[Source "ChessBase"]
[SourceQuality "1"]
[TimeControl "40/5400+30:1800+30"]

1. d4 d5 2. Nf3 Nf6 3. e3 e6 4. Bd3 Be7 5. b3 O-O 6. Bb2 Nbd7 7. Nbd2 c6 8. O-O b6 9. Ne5 Bb7 10. f4 Rc8 11. Rf3 c5 12. dxc5 Bxc5 13. Rh3 g6 14. Ng4 Be7 15. Nh6+ Kg7 16. Nf3 Re8 17. Ng5 Kf8 18. Nhxf7 Qc7 19. Nxe6+ 1-0

[Event "German-ch Women 2024"]
[Site "Ostfildern"]
[Date "2024.08.21"]
[Round "4.1"]
[White "Braun, Kristin"]
[Black "Miljkovic, Jovana"]
[Result "1-0"]
[ECO "B51"]
[WhiteElo "2001"]
[BlackElo "2021"]
[Annotator "NA RC"]
[PlyCount "77"]
[EventDate "2024.08.16"]
[EventType "tourn"]
[EventCountry "GER"]
[SourceTitle "playchess.com"]
[Source "ChessBase"]
[SourceQuality "1"]
[TimeControl "40/5400+30:1800+30"]

1. e4 c5 2. Nf3 d6 3. Bb5+ Nd7 4. d4 cxd4 5. Qxd4 a6 6. Be2 Ngf6 7. O-O e5 8. Qe3 Be7 9. Nfd2 O-O 10. c4 Re8 11. Nc3 Nc5 12. Rd1 Ne6 13. Nf3 Ng4 14. Qd2 Nf4 15. Bf1 Be6 16. g3 Ng6 17. Ng5 Bxg5 18. Qxg5 Qb6 19. Qd2 Rac8 20. b3 Qc5 21. h3 Nf6 22. Qxd6 Qxd6 23. Rxd6 b5 24. Rxa6 bxc4 25. b4 Ne7 26. b5 Rb8 27. Be3 Red8 28. Rb1 Nc8 29. Rc6 Nd6 30. Bb6 Rxb6 31. Rxb6 Ndxe4 32. Nxe4 Nxe4 33. Rc1 Nd2 34. Bg2 e4 35. Rd1 c3 36. Rc6 g6 37. Rxc3 Bxh3 38. Rc2 Bxg2 39. Kxg2 1-0

[Event "German-ch Women 2024"]
[Site "Ostfildern"]
[Date "2024.08.21"]
[Round "4.2"]
[White "Foltin, Alica"]
[Black "Kostak, Tetyana"]
[Result "0-1"]
[ECO "A50"]
[WhiteElo "1722"]
[BlackElo "2094"]
[Annotator "NA RC"]
[PlyCount "128"]
[EventDate "2024.08.16"]
[EventType "tourn"]
[EventCountry "GER"]
[SourceTitle "playchess.com"]
[Source "ChessBase"]
[SourceQuality "1"]
[TimeControl "40/5400+30:1800+30"]

1. d4 Nf6 2. c4 Nc6 3. Nc3 e5 4. d5 Ne7 5. e4 Ng6 6. Be3 Bb4 7. Bd3 Bxc3+ 8. bxc3 d6 9. h3 b6 10. Ne2 O-O 11. g4 Nh4 12. Kd2 Nd7 13. Ng3 Ng2 14. Qf3 Nxe3 15. Qxe3 Nc5 16. Be2 Qh4 17. Kc2 Kh8 18. Nf1 f6 19. Nd2 Qg5 20. Qxg5 fxg5 21. f3 Bd7 22. Nb3 Nb7 23. h4 gxh4 24. Rxh4 Be8 25. Rah1 Bg6 26. Rb1 Nd8 27. Nd2 Nf7 28. Kd3 Rab8 29. Ke3 Kg8 30. Rh2 Ng5 31. Rhh1 Kf7 32. Bd1 Ke7 33. Ba4 Rf4 34. Rhg1 Rbf8 35. Rg3 Nf7 36. Rh3 h6 37. Bb5 Nd8 38. Rb3 a5 39. Rh2 Nb7 40. Rb2 Nc5 41. Rh1 Rh8 42. Rbb1 Rhf8 43. Rh3 R8f6 44. g5 hxg5 45. Rg1 g4 46. Rhg3 Bh5 47. fxg4 Bg6 48. g5 Rf8 49. Rg4 Bxe4 50. R1g3 Bg6 51. Rg2 Bh5 52. R4g3 Bg6 53. Rg4 Rxg4 54. Rxg4 Rh8 55. Nf3 Rh3 56. Rh4 Rxh4 57. Nxh4 Bb1 58. a3 Ne4 59. Nf3 Nxc3 60. Bc6 Ne4 61. g6 Kf6 62. Be8 Ng3 63. Kf2 Nh5 64. Nh4 Nf4 0-1

[Event "German-ch Women 2024"]
[Site "Ostfildern"]
[Date "2024.08.21"]
[Round "4.3"]
[White "Bluebaum, Johanna"]
[Black "Wilmink, Anna"]
[Result "1-0"]
[ECO "E52"]
[WhiteElo "1994"]
[BlackElo "1905"]
[Annotator "NA RC"]
[PlyCount "139"]
[EventDate "2024.08.16"]
[EventType "tourn"]
[EventCountry "GER"]
[SourceTitle "playchess.com"]
[Source "ChessBase"]
[SourceQuality "1"]
[TimeControl "40/5400+30:1800+30"]

1. d4 Nf6 2. c4 e6 3. Nc3 Bb4 4. e3 O-O 5. Bd2 b6 6. Nf3 Bb7 7. Bd3 d5 8. cxd5 exd5 9. Rc1 Be7 10. O-O c5 11. Ne5 Nc6 12. f4 cxd4 13. Nxc6 Bxc6 14. exd4 Qd7 15. Qc2 Ne4 16. Be3 Rac8 17. Qb1 f5 18. a3 Qe8 19. Ba6 Rd8 20. Qa2 Rf6 21. Nxe4 fxe4 22. Be2 Bb5 23. b4 Bxe2 24. Qxe2 Rc6 25. Rxc6 Qxc6 26. Rc1 Qd7 27. h3 g6 28. Qc2 Bd6 29. Qb3 Qf7 30. Kh1 Bb8 31. Rf1 Qc7 32. Qd1 Qc3 33. Qg4 Qc8 34. Qg5 Qc7 35. Rc1 Qd6 36. Rc6 Qd7 37. b5 Rf8 38. Rf6 Bc7 39. Rxf8+ Kxf8 40. a4 Kg7 41. Qg3 Qd6 42. Qg4 Kf7 43. Qc8 Ke7 44. Qh8 h5 45. Qg7+ Kd8 46. Qg8+ Kd7 47. Kh2 Qe6 48. Qg7+ Kc8 49. Qf8+ Kb7 50. g3 Qd6 51. Qg8 Bb8 52. Bd2 Bc7 53. Qe8 Qf6 54. Be3 h4 55. Qd7 hxg3+ 56. Kxg3 Qd6 57. Qxd6 Bxd6 58. Kg4 Be7 59. f5 g5 60. Kh5 Kc7 61. Kg6 Kd7 62. f6 Bf8 63. Bxg5 Ke6 64. h4 Kd7 65. Kf7 Bb4 66. h5 Bc3 67. Be3 Be1 68. h6 Bh4 69. h7 Bxf6 70. Kxf6 1-0

[Event "German-ch Women 2024"]
[Site "Ostfildern"]
[Date "2024.08.21"]
[Round "4.4"]
[White "Bursan, Ana-Maria"]
[Black "Novikova, Margarita"]
[Result "1-0"]
[ECO "B07"]
[WhiteElo "1719"]
[BlackElo "1991"]
[Annotator "NA RC"]
[PlyCount "89"]
[EventDate "2024.08.16"]
[EventType "tourn"]
[EventCountry "GER"]
[SourceTitle "playchess.com"]
[Source "ChessBase"]
[SourceQuality "1"]
[TimeControl "40/5400+30:1800+30"]

1. e4 g6 2. d4 Bg7 3. Nc3 d6 4. Be3 Nf6 5. f3 Nbd7 6. Qd2 e5 7. d5 a6 8. g4 h6 9. h4 h5 10. g5 Nh7 11. a4 b6 12. b4 a5 13. Nb5 axb4 14. Qxb4 Nc5 15. Ne2 Nf8 16. Nc1 Nfd7 17. Nb3 O-O 18. Be2 Ba6 19. Kd2 Nb8 20. a5 c6 21. Nc3 Bxe2 22. Kxe2 cxd5 23. Nxd5 bxa5 24. Nxa5 Nba6 25. Qc4 Rc8 26. Nb7 Nxb7 27. Qxc8 Qxc8 28. Ne7+ Kh7 29. Nxc8 Rxc8 30. Rxa6 Rxc2+ 31. Kd3 Rb2 32. Rb6 Rxb6 33. Bxb6 f6 34. Rc1 fxg5 35. hxg5 Kg8 36. Rc8+ Kh7 37. Rb8 Nc5+ 38. Bxc5 dxc5 39. Kc4 h4 40. Kxc5 h3 41. Rb1 Bf8+ 42. Kd5 Be7 43. Rh1 Bxg5 44. Rxh3+ Kg7 45. Kxe5 1-0

[Event "German-ch Women 2024"]
[Site "Ostfildern"]
[Date "2024.08.21"]
[Round "4.5"]
[White "Wagenschuetz, Evelyn"]
[Black "Mader, Lena"]
[Result "0-1"]
[ECO "B19"]
[WhiteElo "2070"]
[BlackElo "1876"]
[Annotator "NA RC"]
[PlyCount "65"]
[EventDate "2024.08.16"]
[EventType "tourn"]
[EventCountry "GER"]
[SourceTitle "playchess.com"]
[Source "ChessBase"]
[SourceQuality "1"]
[TimeControl "40/5400+30:1800+30"]

1. e4 c6 2. d4 d5 3. Nc3 dxe4 4. Nxe4 Bf5 5. Ng3 Bg6 6. h4 h6 7. Nf3 Nf6 8. Ne5 Bh7 9. Bc4 e6 10. Qe2 Qc8 11. O-O Be7 12. Nh5 O-O 13. Nxg7 Kxg7 14. Qe3 Ng8 15. Qg3+ Kh8 16. Re1 Bf5 17. Qf3 Nd7 18. g4 Nxe5 19. dxe5 Bg6 20. g5 h5 21. Bd3 Kg7 22. Be4 Bc5 23. Bf4 Qc7 24. Bg3 Qb6 25. Rab1 a5 26. a4 Rfd8 27. Re2 Rd7 28. c3 Rad8 29. Rbe1 Rd2 30. Kg2 Qb3 31. Bf4 Rxe2 32. Rxe2 Qxa4 33. Bg3 0-1

[Event "German-ch Women 2024"]
[Site "Ostfildern"]
[Date "2024.08.21"]
[Round "4.6"]
[White "Staerk, Elisa"]
[Black "Moeller, Hannah"]
[Result "1-0"]
[ECO "A73"]
[WhiteElo "2002"]
[BlackElo "1845"]
[Annotator "NA RC"]
[PlyCount "89"]
[EventDate "2024.08.16"]
[EventType "tourn"]
[EventCountry "GER"]
[SourceTitle "playchess.com"]
[Source "ChessBase"]
[SourceQuality "1"]
[TimeControl "40/5400+30:1800+30"]

1. d4 g6 2. Nf3 Bg7 3. c4 c5 4. d5 Nf6 5. Nc3 O-O 6. e4 d6 7. Be2 e6 8. O-O exd5 9. cxd5 Nbd7 10. Bf4 Qb6 11. Qc2 a6 12. Nd2 Qc7 13. a4 b6 14. Nc4 Ne5 15. Bxe5 dxe5 16. Rad1 Ne8 17. d6 Qb7 18. Nd5 b5 19. Ne7+ Kh8 20. Nxc8 Nf6 21. N4b6 Raxc8 22. Nxc8 Rxc8 23. axb5 axb5 24. Rfe1 Nd7 25. Bg4 Bf8 26. Bxd7 Qxd7 27. Rd5 f6 28. Rxc5 Rxc5 29. Qxc5 Bxd6 30. Qd5 Qc7 31. Qxb5 Bc5 32. g3 Qd6 33. Kg2 Qd4 34. Qe2 Qb4 35. Rc1 Bd4 36. Rc2 Qb7 37. Qf3 Kg7 38. b3 f5 39. Re2 fxe4 40. Rxe4 Qb4 41. Re2 Bc3 42. Rc2 Bd4 43. Rc7+ Kh6 44. Qg4 Qxb3 45. Qh4# 1-0

[Event "German-ch Women 2024"]
[Site "Ostfildern"]
[Date "2024.08.21"]
[Round "4.7"]
[White "Moutaqi, Sandra"]
[Black "Walker, Julia"]
[Result "1/2-1/2"]
[ECO "D40"]
[WhiteElo "1961"]
[BlackElo "1836"]
[Annotator "NA RC"]
[PlyCount "81"]
[EventDate "2024.08.16"]
[EventType "tourn"]
[EventCountry "GER"]
[SourceTitle "playchess.com"]
[Source "ChessBase"]
[SourceQuality "1"]
[TimeControl "40/5400+30:1800+30"]

1. d4 d5 2. c4 e6 3. Nf3 c5 4. e3 Nf6 5. Nc3 Nc6 6. Be2 cxd4 7. Nxd4 Bd6 8. O-O O-O 9. a3 a6 10. b4 Nxd4 11. Qxd4 Qc7 12. f4 e5 13. Qd3 dxc4 14. Qxc4 exf4 15. Qxc7 Bxc7 16. exf4 Bb6+ 17. Kh1 Bd4 18. Bb2 Bg4 19. Bxg4 Nxg4 20. Nd1 Rfd8 21. Bxd4 Rxd4 22. h3 Nf6 23. Nc3 Rad8 24. Ne2 Ne4 25. Nxd4 Ng3+ 26. Kg1 Nxf1 27. Rxf1 Rxd4 28. Rc1 g6 29. Rc7 b5 30. Rc6 a5 31. bxa5 Ra4 32. a6 Rxa3 33. Rb6 b4 34. Rxb4 Rxa6 35. Re4 h5 36. g3 Ra2 37. Re3 Kg7 38. Re1 Kf6 39. Re3 Rb2 40. Re1 Rc2 41. Re5 1/2-1/2

[Event "German-ch Women 2024"]
[Site "Ostfildern"]
[Date "2024.08.21"]
[Round "4.8"]
[White "Wartenberg, Alissa"]
[Black "Just, Anita"]
[Result "0-1"]
[ECO "C18"]
[WhiteElo "1858"]
[BlackElo "1871"]
[Annotator "NA RC"]
[PlyCount "90"]
[EventDate "2024.08.16"]
[EventType "tourn"]
[EventCountry "GER"]
[SourceTitle "playchess.com"]
[Source "ChessBase"]
[SourceQuality "1"]
[TimeControl "40/5400+30:1800+30"]

1. e4 e6 2. d4 d5 3. Nc3 Bb4 4. e5 c5 5. a3 Bxc3+ 6. bxc3 Qa5 7. Bd2 Qa4 8. Nf3 b6 9. Qb1 Ba6 10. Qb3 Qd7 11. Bxa6 Nxa6 12. Rb1 Rc8 13. O-O Ne7 14. Rfd1 O-O 15. Bf4 Nc6 16. c4 Nxd4 17. Nxd4 cxd4 18. Rxd4 Nc5 19. Qg3 Ne4 20. Qg4 Rxc4 21. Rxc4 dxc4 22. Bh6 f5 23. exf6 Nxf6 24. Qg5 Ne4 25. Qe3 Nxf2 26. Bg5 Ng4 27. Qe4 Nf6 28. Qxc4 Qd5 29. Qxd5 Nxd5 30. Re1 Rf5 31. Bd2 Kf7 32. Rf1 Ke7 33. Rxf5 exf5 34. Kf2 Nf6 35. Bf4 Ke6 36. Bb8 a6 37. Bc7 Nd5 38. Bd8 b5 39. Kf3 Nc3 40. Ba5 Nd5 41. g3 Ke5 42. Bd2 Kd4 43. Ba5 Kc4 44. Ke2 b4 45. axb4 Nxb4 0-1

[Event "German-ch Women 2024"]
[Site "Ostfildern"]
[Date "2024.08.21"]
[Round "4.9"]
[White "Albayrak, Aylin"]
[Black "Koeberl, Christiane"]
[Result "1-0"]
[ECO "A52"]
[WhiteElo "1741"]
[BlackElo "1745"]
[Annotator "NA RC"]
[PlyCount "77"]
[EventDate "2024.08.16"]
[EventType "tourn"]
[EventCountry "GER"]
[SourceTitle "playchess.com"]
[Source "ChessBase"]
[SourceQuality "1"]
[TimeControl "40/5400+30:1800+30"]

1. d4 Nf6 2. c4 e5 3. dxe5 Ng4 4. Nf3 Bc5 5. e3 Bb4+ 6. Bd2 Bxd2+ 7. Qxd2 Nc6 8. Nc3 Ngxe5 9. Be2 d6 10. O-O O-O 11. Rad1 Be6 12. Nd5 a5 13. a3 a4 14. Nd4 Na5 15. Qc3 c6 16. Nxe6 fxe6 17. Nf4 Qe7 18. c5 Nf7 19. cxd6 Nxd6 20. Qb4 Rfd8 21. Qxa4 e5 22. Nh5 Qe6 23. Qh4 Re8 24. Rd3 Nac4 25. Rb1 Qg6 26. Rdd1 Ra4 27. Qh3 Nd2 28. Rbc1 N2e4 29. Bd3 Qf7 30. Bxe4 Nxe4 31. Qf3 Qe7 32. b4 Ng5 33. Qg4 Rxa3 34. Rd7 Nf3+ 35. gxf3 Qf8 36. Rxg7+ Kh8 37. Kh1 Ra2 38. Rg1 Rxf2 39. Nf6 1-0